 Dungeon Crawl Stone Soup version 0.27-a0-1579-g97d2440184 (webtiles) character file.

Game seed: 1907913866542459508

723 mandarbmax the Cutter (level 7, -1/36 HPs)
             Began as a Vine Stalker Fighter on July 17, 2021.
             Slain by a gnoll (6 damage)
             ... on level 5 of the Dungeon.
             The game lasted 00:08:21 (3845 turns).

mandarbmax the Cutter (Vine Stalker Fighter)        Turns: 3845, Time: 00:08:22

Health: -1/36      AC: 12    Str: 21    XL:     7   Next: 71%
Magic:  0/8        EV:  7    Int:  8    God:
Gold:   217        SH:  9    Dex: 13    Spells: 6/6 levels left

rFire    . . .     SeeInvis .   a - +0 rapier
rCold    . . .     Faith    .   c - +0 kite shield
rNeg     . . .     Spirit   +   v - +0 plate armour
rPois    .         Reflect  .   i - +0 hat
rElec    .         Harm     .   (no cloak)
rCorr    .         Rampage  .   g - +0 pair of gloves
Will     .....                  (no boots)
Stlth    ..........             (no amulet)
HPRegen  1.12/turn              j - +4 ring of evasion
MPRegen  0.11/turn              (no ring)

@: no status effects
A: fangs 2, regeneration 1, magic shield, antimagic bite, no potion heal 2
a: no special abilities


You were on level 5 of the Dungeon.
You visited 1 branch of the dungeon, and saw 5 of its levels.

You collected 217 gold pieces.

Inventory:

Hand Weapons
 a - a +0 rapier (weapon)
Missiles
 o - 2 boomerangs
 q - 48 poisoned darts (quivered)
Armour
 c - a +0 kite shield (worn)
 g - a +0 pair of gloves (worn)
 i - a +0 hat (worn)
 v - a +0 plate armour (worn)
Jewellery
 j - a +4 ring of evasion (left hand)
 s - a ring of flight
Wands
 d - a wand of charming (7)
Scrolls
 e - 5 scrolls of identify {unknown}
 h - a scroll of vulnerability {unknown}
 k - a scroll of silence {unknown}
 n - 2 scrolls of noise {unknown}
 r - a scroll of teleportation {unknown}
 u - a scroll of amnesia {unknown}
Potions
 f - 3 potions of curing
 l - a potion of ambrosia {unknown}
 m - a potion of degeneration {unknown}
 p - a potion of heal wounds {unknown}
 t - a potion of attraction {unknown}


   Skills:
 - Level 3.0 Fighting
 + Level 7.3 Short Blades
 - Level 3.0 Armour
 - Level 3.0 Shields


You had 6 spell levels left.
You didn't know any spells.
Your spell library contained the following spells:

 Spells                   Type           Power      Damage    Failure   Level
 Magic Dart               Conj           0%         1d3       100%        1
 Call Imp                 Summ           0%         N/A       100%        2
 Static Discharge         Conj/Air       0%         N/A       100%        2
 Mephitic Cloud           Conj/Pois/Air  0%         N/A       100%        3
 Summon Lightning Spire   Summ/Air       0%         N/A       100%        4
 Lightning Bolt           Conj/Air       0%         1d11      100%        5
 Storm Form               Tmut/Air       0%         N/A       100%        7
 Maxwell's Capacitive Co  Air            0%         ∞         100%        8


Dungeon Overview and Level Annotations

Branches:
Dungeon (5/15)             Temple (0/1) D:5

Altars:


Innate Abilities, Weirdness & Mutations

You have extremely sharp teeth.
Your natural rate of healing is unusually fast.
When hurt, damage is shared between your health and your magic reserves.
Your bite disrupts and absorbs the magic of your enemies.
Potions cannot restore your health.


Message History

You bite the gnoll sergeant, but do no damage.
The gnoll sergeant is lightly wounded.
You block the gnoll's attack.
The gnoll sergeant hits you with a +0 spear.
You hit the gnoll sergeant but do no damage.
Your bite misses the gnoll sergeant.
The gnoll sergeant is lightly wounded.
The gnoll hits you from afar with a +0 halberd!
You block the gnoll sergeant's attack.
You hit the gnoll sergeant but do no damage.
Your bite misses the gnoll sergeant.
The gnoll sergeant is lightly wounded.
The gnoll hits you from afar with a +0 halberd.
The gnoll sergeant closely misses you.
You hit the gnoll sergeant. You bite the gnoll sergeant. You drain its power.
You feel invigorated.
The gnoll sergeant is moderately wounded.
You block the gnoll's attack.
The gnoll sergeant hits you with a +0 spear.
You closely miss the gnoll sergeant.
The gnoll sergeant is moderately wounded.
The gnoll closely misses you. You block the gnoll sergeant's attack.
You hit the gnoll sergeant.
You bite the gnoll sergeant, but do no damage.
The gnoll sergeant is moderately wounded.
The gnoll closely misses you.
The gnoll sergeant hits you with a +0 spear.
You puncture the gnoll sergeant!
You bite the gnoll sergeant, but do no damage.
The gnoll sergeant is heavily wounded.
You block the gnoll's attack.
The gnoll sergeant hits you but does no damage.
The gnoll hits you from afar with a +0 halberd.
Your plate armour prevents you from hitting the gnoll sergeant.
Your bite misses the gnoll sergeant.
The gnoll sergeant is heavily wounded.
The gnoll sergeant hits you with a +0 spear!
* * * LOW HITPOINT WARNING * * *
The gnoll hits you from afar with a +0 halberd!
You die...

######...g......# #
#####.##..###.##
#g##.##..... #.......#
####.#.#.# #g##.# #g# ##
#g# #@# #.# ##########
####### #.# #........#####
#.....#
##.###..###.#......
#.###.###...##..#
#.....### #.#
#..#.....#..###.#.#.#
#.###..............##.#.##
#.....####.###.######.#..#
###.### #.# #.######.##.#


You could see a gnoll sergeant and 2 gnolls.

Vanquished Creatures
  A bullfrog (D:4)
  2 scorpions
  A water moccasin skeleton (D:4)
  A centaur zombie (D:3)
  2 jellies
  3 orc priests
  A gnoll shaman (D:3)
  A bullfrog skeleton (D:4)
  Ijyb (D:3)
  An orc wizard (D:5)
  A hound skeleton (D:5)
  An adder (D:3)
  7 gnolls
  5 worms
  3 dart slugs
  10 orcs
  9 endoplasms
  5 giant cockroaches
  9 goblins
  13 hobgoblins
  4 jackals (D:2)
  A quokka (D:2)
  5 ball pythons
  5 bats
  2 frilled lizards
  2 kobolds (D:4)
  4 rats
100 creatures vanquished.

Notes
Turn   | Place    | Note
-------+----------+-------------------------------------------
     0 | D:1      | mandarbmax the Vine Stalker Fighter began the quest for the
                  | Orb.
     0 | D:1      | Reached XP level 1. HP: 11/11 MP: 2/2
   123 | D:1      | Reached skill level 2 in Short Blades
   123 | D:1      | Reached XP level 2. HP: 16/16 MP: 3/3
   305 | D:1      | Found a faded altar of an unknown god.
   929 | D:2      | Reached XP level 3. HP: 17/20 MP: 4/4
  1702 | D:2      | Gained mutation: Your natural rate of healing is unusually
                  | fast. [Vine Stalker growth]
  1702 | D:2      | Reached XP level 4. HP: 24/24 MP: 5/5
  1991 | D:3      | Reached skill level 3 in Short Blades
  2326 | D:3      | Noticed Ijyb
  2339 | D:3      | Killed Ijyb
  2340 | D:3      | Reached XP level 5. HP: 17/28 MP: 4/6
  2501 | D:3      | Reached skill level 4 in Short Blades
  2729 | D:3      | Reached XP level 6. HP: 24/32 MP: 4/7
  2749 | D:4      | Reached skill level 5 in Short Blades
  2915 | D:3      | Reached skill level 6 in Short Blades
  2915 | D:3      | Reached XP level 7. HP: 16/36 MP: 8/8
  3553 | D:5      | Entered Level 5 of the Dungeon
  3585 | D:5      | Found a staircase to the Ecumenical Temple.
  3665 | D:5      | Reached skill level 7 in Short Blades
  3845 | D:5      | Slain by a gnoll

Illustrated notes

Levels and vault maps discovered:
D:1:      minmay_arrival_three_doors, layout_loops_ring,
          ebering_ecumenical_altar_hall
D:2:      layout_basic
D:3:      layout_basic, uniq_ijyb
D:4:      layout_rooms, corner_web_ring, hangedman_decor_opposing, st_stairs_3,
          glass_columns_a
D:5:      layout_loops_corners, minmay_temple_entry_mist,
          kennysheep_pointless_box, chequers_serial_rivers_small_b, uniq_sigmund

Skill      XL: |  1  2  3  4  5  6  7 |
---------------+----------------------+-----
Short Blades   | 2 3 4 6 7 |  7.3
Fighting       | 3 |  3.0
Shields        | 3 |  3.0
Armour         | 3 |  3.0

Action                   |  1- 3 |  4- 6 |  7- 9 || total
-------------------------+-------+-------+-------++-------
Melee: Rapier            |   105 |   138 |    85 ||   328
       Bite              |    19 |    43 |    30 ||    92
Throw: Boomerang         |       |     9 |       ||     9
       Dart              |       |    10 |       ||    10
  Use: Potion            |       |     1 |     1 ||     2
Armor: Scale mail        |    37 |    43 |    12 ||    92
       Plate armour      |       |       |    17 ||    17
Dodge: Dodged            |    42 |    83 |    31 ||   156
Block: Kite shield       |    56 |    72 |    49 ||   177

Table legend: (Time is in decaauts)
 A = Elapsed time spent in this place.
 B = Non-inter-level travel time spent in this place.
 C = Inter-level travel time spent in this place.
 D = Time resting spent in this place.
 E = Time spent auto-exploring this place.
 F = Levels seen in this place.
 G = Mean time per level.
                   A        B        C        D        E       F      G
               +--------+--------+--------+--------+--------+-----+--------+
         Total |   3929 |   3782 |    147 |    437 |   2545 |   5 |  785.8 |
       Dungeon |   3929 |   3782 |    147 |    437 |   2545 |   5 |  785.8 |
               +--------+--------+--------+--------+--------+-----+--------+

Top non-repeatable levels by time:
     D:2: 1012 daAuts
     D:3: 972 daAuts
     D:1: 879 daAuts
     D:4: 766 daAuts
     D:5: 298 daAuts
